 Dungeon Crawl Stone Soup version 0.26-a0-712-ga5a9c9c9d0 (webtiles) character file.

Game seed: 4454383942450831009

944 GordonOverkill the Chiller (level 7, -4/38 HPs)
             Began as a Spriggan Ice Elementalist on Nov 1, 2020.
             Slain by an ice beast (11 damage)
             ... on level 6 of the Dungeon.
             The game lasted 00:10:40 (6450 turns).

GordonOverkill the Chiller (SpIE)                   Turns: 6450, Time: 00:10:40

Health: -4/38      AC:  4    Str:  4    XL:     7   Next: 88%
Magic:  19/24      EV: 18    Int: 18    God:
Gold:   22         SH:  0    Dex: 17    Spells: 4/16 levels left

rFire    . . .     SeeInvis +   d - +2 whip (elec)
rCold    . . .     Faith    .   (shield restricted)
rNeg     . . .     Spirit   .   a - +0 robe
rPois    .         Reflect  .   (helmet restricted)
rElec    .         Harm     .   i - +1 cloak
rCorr    .         Rampage  .   (gloves unavailable)
MR       +....                  (boots unavailable)
Stlth    +++.......             (no amulet)
HPRegen  0.12/turn              p - ring of wizardry
MPRegen  0.19/turn              g - ring of magical power

@: very quick
A: very small, unfitting armour, see invisible, speed 3
a: no special abilities


You were on level 6 of the Dungeon.
You visited 2 branches of the dungeon, and saw 7 of its levels.

You collected 200 gold pieces.
You spent 178 gold pieces at shops.

Inventory:

Hand Weapons
 d - a +2 whip of electrocution (weapon)
Armour
 a - a +0 robe (worn)
 i - a +1 cloak (worn)
Jewellery
 e - an uncursed ring of flight
 g - a ring of magical power (right hand)
 p - a ring of wizardry (left hand)
 s - an uncursed ring of protection from fire
Wands
 f - a wand of iceblast (9)
 m - a wand of polymorph (5)
Scrolls
 l - a scroll of blinking
 o - 2 scrolls of remove curse
 r - a scroll of amnesia
 u - a scroll of teleportation
Potions
 b - a potion of brilliance
 h - a potion of lignification
 j - a potion of ambrosia
 k - a potion of might
 n - a potion of resistance
 q - a potion of curing
 t - a potion of cancellation


   Skills:
 + Level 4.4 Fighting
 - Level 3.0 Dodging
 - Level 5.0 Stealth
 - Level 5.0 Spellcasting
 + Level 5.7 Ice Magic


You had 4 spell levels left.
You knew the following spells:

 Your Spells              Type           Power        Failure   Level
a - Freeze                Ice            ####         1%          1
b - Frozen Ramparts       Ice            ####..       1%          3
c - Hailstorm             Conj/Ice       ##......     16%         4
d - Summon Ice Beast      Ice/Summ       ##......     16%         4

Your spell library contained the following spells:

 Spells                   Type           Power        Failure   Level
 Ozocubu's Armour         Ice            ####....     1%          3
 Animate Skeleton         Necr           #.....       5%          1
 Apportation              Tloc           #.....       5%          1
 Corona                   Hex            #......      5%          1
 Summon Small Mammal      Summ           #...         5%          1


Dungeon Overview and Level Annotations

Branches:
Dungeon (6/15)             Temple (1/1) D:5

Altars:
Ashenzari
Dithmenos
Elyvilon
Fedhas
Gozag
Hepliaklqana
Kikubaaqudgha
Makhleb
Nemelex Xobeh
Okawaru
Ru
Sif Muna
Trog
Uskayaw
Wu Jian
Xom
Yredelemnul
Zin
The Shining One
Lugonu

Shops:
D:6 *


Innate Abilities, Weirdness & Mutations

You are very small and have problems with some larger weapons.
You are too small for most types of armour.
You have supernaturally acute eyesight. (SInv)
You cover ground extremely quickly.


Message History

Casting: Summon Ice Beast (quite dangerous; 16% risk of failure)
Confirm with . or Enter, or press ? or * to list all spells.
The spell is quite dangerous to cast (16% risk of failure)!
Continue anyway?
A chill wind blows around you.
The wight hits your ice beast with a cursed +0 dire flail!
The wight drains your ice beast. The ice beast hits you.
The ice beast freezes you!
* * * LOW HITPOINT WARNING * * *
You hit the ice beast but do no damage.
The ice beast is severely wounded.
The wight completely misses your ice beast.
The ice beast completely misses you.
Your ice beast closely misses the wight.
You closely miss the ice beast.
The ice beast is severely wounded.
The wight hits your ice beast with a cursed +0 dire flail.
The ice beast hits you.
* * * LOW HITPOINT WARNING * * *
The ice beast freezes you!
You die...

#.##.#...#...)..
####.##...#.........
#..<..##.............
#.....##.###.........
#....................
#.....###............
###..## ##.........z
#.#######z.........
#.###..@YY.........
##.##..####......z..
#..##.## #.........
#§###.# #.Z......#
###§§§§.# #.......##
#§§§§#### ##.lY....#
#§§§§# #........
#§§§## #.P..P#..
##### #.OPZ.###


You could see an ice beast, a wight and a friendly ice beast (summoned,
drained).

Vanquished Creatures
  A black bear (D:5)
  3 ogres
  A centaur (D:5)
  A phantom (D:5)
  A jelly (D:6)
  2 orc wizards
  2 bullfrog skeletons
  2 orc priests
  Crazy Yiuf (D:5)
  2 worker ants (D:4)
  9 adders
  An adder skeleton (D:4)
  2 worms (D:2)
  2 dart slugs
  23 orcs
  A ball python (D:4)
  6 giant cockroaches
  6 goblins
  6 hobgoblins
  3 jackals (D:3)
  6 kobolds
  7 bats
  3 frilled lizards
  A leopard gecko skeleton (D:4)
  13 rats
105 creatures vanquished.

Vanquished Creatures (collateral kills)
  An adder (D:5)
  A leopard gecko (D:5)
  A giant cockroach (D:5)
3 creatures vanquished.

Grand Total: 108 creatures vanquished

Notes
Turn   | Place    | Note
-------+----------+-------------------------------------------
     0 | D:1      | GordonOverkill the Spriggan Ice Elementalist began the
                  | quest for the Orb.
     0 | D:1      | Reached XP level 1. HP: 9/9 MP: 5/5
   424 | D:1      | Reached XP level 2. HP: 14/14 MP: 4/6
  1424 | D:2      | Reached skill level 1 in Fighting
  1424 | D:2      | Reached XP level 3. HP: 18/18 MP: 5/8
  1454 | D:2      | Learned a level 3 spell: Frozen Ramparts
  1926 | D:2      | Noticed a moth of wrath
  1929 | D:2      | Found a bloodstained altar of Trog.
  1990 | D:2      | Reached XP level 4. HP: 21/22 MP: 5/10
  2242 | D:2      | Found an iron altar of Okawaru.
  2453 | D:2      | Found a sparkling altar of Nemelex Xobeh.
  2533 | D:2      | Noticed an ogre
  2558 | D:2      | Killed an ogre
  2558 | D:2      | Reached XP level 5. HP: 26/26 MP: 12/12
  2626 | D:2      | Reached skill level 5 in Stealth
  2787 | D:2      | Learned a level 4 spell: Hailstorm
  3035 | D:2      | Found a shimmering altar of Xom.
  3036 | D:2      | Found a burning altar of Makhleb.
  3261 | D:3      | Found a broken altar of Ashenzari.
  3845 | D:3      | Reached XP level 6. HP: 31/31 MP: 13/13
  3907 | D:3      | Found a glowing silver altar of Zin.
  4251 | D:4      | Found the +27 Lear's hauberk
  4345 | D:4      | Reached skill level 5 in Spellcasting
  4725 | D:4      | Learned a level 4 spell: Summon Ice Beast
  4917 | D:4      | Reached XP level 7. HP: 28/36 MP: 15/15
  5272 | D:5      | Entered Level 5 of the Dungeon
  5290 | D:5      | Reached skill level 5 in Ice Magic
  5629 | D:5      | Found a runed translucent door.
  5630 | D:5      | Noticed Crazy Yiuf
  5750 | D:5      | Found an opulent altar of Gozag.
  5823 | D:5      | Found a staircase to the Ecumenical Temple.
  6085 | D:5      | Found a glowing golden altar of the Shining One.
  6085 | D:5      | Found a blossoming altar of Fedhas.
  6172 | D:5      | Killed Crazy Yiuf
  6284 | Temple   | Entered the Ecumenical Temple
  6405 | D:6      | Found Perus Tuf's Assorted Antiques.
  6412 | D:6      | Bought a bubbling golden potion for 18 gold pieces
  6412 | D:6      | Bought a scroll of teleportation for 60 gold pieces
  6412 | D:6      | Bought a scroll labeled XUCOURGH DEBE for 20 gold pieces
  6412 | D:6      | Bought a scroll labeled QUPTORRAERO for 20 gold pieces
  6412 | D:6      | Bought a scroll of remove curse for 60 gold pieces
  6450 | D:6      | Slain by an ice beast

Illustrated notes

Levels and vault maps discovered:
D:1:      grunt_arrival_lava_bath, layout_basic, chequers_serial_rivers_micro_d,
          chequers_serial_rivers_micro_b
D:2:      layout_loops_cross, gammafunk_temple_overflow_statue,
          nicolae_overflow_crystal_walls, overflow_temple_1_default, tgw_trog,
          kennysheep_generic_room_2
D:3:      layout_loops_ring, ashenzari_altar_1, lemuel_doored_altar
D:4:      layout_rooms, nicolae_overflow_hidden_temple
D:5:      layout_rooms, lemuel_crystal_altar, gammafunk_temple_overflow_wave,
          minmay_temple_entry_nine_rooms, uniq_crazy_yiuf_cottage
D:6:      layout_rooms, marbit_many_paths, serial_undead, serial_undead_d,
          serial_undead_b, serial_undead_a, serial_undead_d, serial_shops, shop,
          sigmund_edmund_badplayer, uniq_pikel
Temple:   corrupted_temple

Skill      XL: |  1  2  3  4  5  6  7 |
---------------+----------------------+-----
Spellcasting   | 3 4 5 |  5.0
Fighting       | 1 2 3 4 |  4.4
Stealth        | 4 5 |  5.0
Ice Magic      | 4 5 |  5.7
Dodging        | |  3.0

Action                   |  1- 3 |  4- 6 |  7- 9 || total
-------------------------+-------+-------+-------++-------
Melee: Unarmed           |     2 |       |       ||     2
       Whip              |     2 |    39 |    25 ||    66
 Cast: Freeze            |    42 |    42 |    14 ||    98
       Frozen Ramparts   |     6 |    30 |     6 ||    42
       Summon Ice Beast  |       |       |     4 ||     4
  Use: Scroll            |     1 |     2 |    13 ||    16
Armor: Robe              |     1 |     9 |     1 ||    11
Dodge: Dodged            |    29 |    39 |    32 ||   100

Table legend: (Time is in decaauts)
 A = Elapsed time spent in this place.
 B = Non-inter-level travel time spent in this place.
 C = Inter-level travel time spent in this place.
 D = Time resting spent in this place.
 E = Time spent auto-exploring this place.
 F = Levels seen in this place.
 G = Mean time per level.
                   A        B        C        D        E       F      G
               +--------+--------+--------+--------+--------+-----+--------+
         Total |   5248 |   5053 |    195 |   2635 |   1710 |   7 |  749.7 |
       Dungeon |   5222 |   5035 |    187 |   2635 |   1692 |   6 |  870.3 |
        Temple |     26 |     18 |      8 |      0 |     17 |   1 |   26.0 |
               +--------+--------+--------+--------+--------+-----+--------+

Top non-repeatable levels by time:
     D:2: 1535 daAuts
     D:1: 1087 daAuts
     D:3: 955 daAuts
     D:5: 797 daAuts
     D:4: 775 daAuts
     D:6: 70 daAuts
  Temple: 26 daAuts
